[Event "Titled Tuesday Blitz March 07 Early 2023"]
[White "Delorme, Alban"]
[Black "Papasimakopoulos, Alexandros"]
[WhiteFideId "623636"]
[BlackFideId "4244125"]
[WhiteElo "2196"]
[BlackElo "2359"]
[Result "1-0"]
[Round "02"]
[TimeControl "180+2"]
[Date "2023.03.07"]
[WhiteClock "0:00:07"]
[BlackClock "0:00:23"]

1. e4 e6 2. Ne2 d5 3. exd5 exd5 4. d4 Nf6 5. Nf4 Bd6 6. Nd3 O-O 7. Be2 Bf5 8. O-O Nbd7 9. c3 c5 10. dxc5 Nxc5 11. Nxc5 Bxc5 12. Nd2 Bb6 13. Nf3 Ne4 14. Nd4 Bg6 15. Bf3 Re8 16. Re1 Qf6 17. Bxe4 dxe4 18. Be3 h5 19. Qb3 h4 20. h3 Qe5 21. Nb5 Bxe3 22. Rxe3 a6 23. Nd4 b5 24. a4 bxa4 25. Qxa4 a5 26. Nc6 Qg5 27. Nxa5 Bh5 28. Kh1 Re6 29. b4 Rg6 30. Rg1 Bf3 31. Rxf3 exf3 32. g3 hxg3 33. Rxg3 Qc1+ 34. Kh2 Rxg3 35. Kxg3 Qxc3 36. Qb5 Rd8 37. Qb7 Rd6 38. Qb8+ Kh7 39. Qxd6 f5 40. Qf4 g6 41. Qxf3 Qxb4 42. Qb7+ Qxb7 43. Nxb7 g5 44. h4 Kg6 45. hxg5 Kxg5 46. f4+ Kf6 47. Nc5 Kg6 48. Kh4 Kh6 49. Nb3 Kg6 50. Nd4 Kf6 51. Kh5 Kg7 52. Nxf5+ Kh7 53. Kg5 Kh8 54. Nh6 Kg7 55. f5 Kh8 56. f6 Kh7 57. Nf5 Kg8 58. Kg6 Kh8 59. Nd6 Kg8 60. f7+ Kf8 61. Ne4 1-0


[Site "https://www.chess.com"]

[Event "Titled Tuesday Blitz March 07 Early 2023"]
[White "Yang,ching Wei, Austin"]
[Black "Dehtiarov, Roman"]
[WhiteFideId "16300440"]
[BlackFideId "14186640"]
[WhiteElo "2101"]
[BlackElo "2162"]
[Result "0-1"]
[Round "02"]
[TimeControl "180+2"]
[Date "2023.03.07"]
[WhiteClock "0:00:03"]
[BlackClock "0:00:05"]

1. e4 e5 2. Nf3 Nc6 3. Bc4 Nf6 4. d3 Bc5 5. O-O O-O 6. c3 d6 7. h3 a6 8. a4 Qe7 9. Be3 Be6 10. Nbd2 Rad8 11. Qe2 d5 12. exd5 Nxd5 13. Bxc5 Qxc5 14. Ne4 Qe7 15. Qc2 Nf4 16. Bxe6 Qxe6 17. Ng3 Qg6 18. Qb3 Rxd3 19. Qxb7 Rxf3 20. gxf3 Nxh3+ 21. Kh2 Nf4 22. Rh1 Rd8 23. Qxa6 h5 24. Kg1 Rd2 25. Re1 Rxb2 26. Qc8+ Kh7 27. Qf5 Qxf5 28. Nxf5 g6 29. Ne3 Ra2 30. Kh2 Rxf2+ 31. Kg3 Ra2 32. Ra1 Re2 33. Rhe1 Rb2 34. a5 g5 35. a6 Kg6 0-1


[Site "https://www.chess.com"]

[Event "Titled Tuesday Blitz March 07 Early 2023"]
[White "Drygalov, Sergey"]
[Black "Fiedorek, Michal"]
[WhiteFideId "24171743"]
[BlackFideId "1199528"]
[WhiteElo "2533"]
[BlackElo "2135"]
[Result "1-0"]
[Round "02"]
[TimeControl "180+2"]
[Date "2023.03.07"]
[WhiteClock "0:01:20"]
[BlackClock "0:00:27"]

1. d4 Nf6 2. c4 g6 3. Nc3 Bg7 4. e4 d6 5. Nf3 Kf8 6. Be2 Kg8 7. O-O h6 8. e5 Ne8 9. Bf4 Kh7 10. d5 Nd7 11. e6 fxe6 12. dxe6 Nc5 13. h4 Nxe6 14. Be3 Nf6 15. Qc2 Rf8 16. Bd3 Nc5 17. Bxg6+ Kh8 18. h5 Bg4 19. Nh4 e6 20. f3 Ng8 21. Bf2 Bf6 22. fxg4 Bxh4 23. g3 Bg5 24. Kg2 Qd7 25. Ne4 Qc6 26. Bd4+ e5 27. Bxc5 dxc5 28. Kh3 Nf6 29. Nxg5 hxg5 30. Qd2 Ne4 31. Bxe4 Qxe4 32. Qxg5 Rg8 33. Qh6+ Qh7 34. Qxh7+ Kxh7 35. Rf7+ Rg7 36. Raf1 Rg8 37. g5 Kh8 38. Rxg7 Rxg7 39. Kg4 1-0


[Site "https://www.chess.com"]

[Event "Titled Tuesday Blitz March 07 Early 2023"]
[White "Ozen, Bahadir"]
[Black "Dudzinski, Pawel"]
[WhiteFideId "6337058"]
[BlackFideId "1117890"]
[WhiteElo "2503"]
[BlackElo "2099"]
[Result "1/2-1/2"]
[Round "02"]
[TimeControl "180+2"]
[Date "2023.03.07"]
[WhiteClock "0:01:13"]
[BlackClock "0:02:01"]

1. g3 f5 2. Bg2 Nf6 3. d4 g6 4. b3 Bg7 5. Bb2 d5 6. Nf3 c6 7. O-O O-O 8. c4 Bd7 9. Nbd2 Ne4 10. Qc2 Be8 11. Ne5 Nd7 12. Nd3 Rc8 13. Rac1 e6 14. Nf3 g5 15. Nfe5 Nxe5 16. Nxe5 g4 17. f3 Nf6 18. Qd2 Bh5 19. Ba3 Re8 20. h3 gxh3 21. Bxh3 Nd7 22. Bd6 Nxe5 23. Bxe5 Bxe5 24. dxe5 Qb6+ 25. c5 Qc7 26. Qg5+ Bg6 27. f4 Qe7 28. Qxe7 Rxe7 29. e3 Bh5 30. Rc2 b6 31. Rfc1 b5 32. Kf2 a5 33. a3 Ra7 34. Bg2 a4 35. b4 Bg4 36. Rh1 h5 37. Bf3 Rh7 38. Rd2 Rcc7 39. Rd4 Rcg7 40. Rh4 1/2-1/2


[Site "https://www.chess.com"]

[Event "Titled Tuesday Blitz March 07 Early 2023"]
[White "Nur-Mukhametova, Alisa"]
[Black "Zahid, Sanatan"]
[WhiteFideId "54117739"]
[BlackFideId "10201963"]
[WhiteElo "1903"]
[BlackElo "1865"]
[Result "0-1"]
[Round "02"]
[TimeControl "180+2"]
[Date "2023.03.07"]
[WhiteClock "0:00:15"]
[BlackClock "0:01:51"]

1. d4 Nf6 2. c4 e6 3. Nf3 b6 4. g3 Bb7 5. Bg2 Bb4+ 6. Bd2 Be7 7. O-O O-O 8. Nc3 c6 9. Ne5 d5 10. Bf4 dxc4 11. Nxc4 Nd5 12. Rc1 Nxf4 13. gxf4 Nd7 14. Ne5 Rc8 15. Nb5 Nxe5 16. dxe5 cxb5 17. Bxb7 Rxc1 18. Qxc1 Bc5 19. e3 Qh4 20. Rd1 Kh8 21. Qd2 g5 22. b4 Be7 23. Kh1 gxf4 24. exf4 Rd8 25. Qe2 Rxd1+ 26. Qxd1 Qxf2 27. Qf3 Qxf3+ 28. Bxf3 Bxb4 29. Bc6 Bd2 30. Bxb5 Bxf4 31. Kg2 Bxe5 32. h3 Kg7 33. Kf3 f5 34. Bd7 Kf6 35. Bc8 Bd4 36. Ke2 e5 37. Kd3 Bc5 38. Kc4 Kg5 39. Kd5 Kf4 40. Ba6 e4 41. Be2 Ke3 42. Bh5 f4 0-1


[Site "https://www.chess.com"]

[Event "Titled Tuesday Blitz March 07 Early 2023"]
[White "Heinemann, Josefine"]
[Black "Garcia Ramos, Daniel"]
[WhiteFideId "12900460"]
[BlackFideId "32010311"]
[WhiteElo "2342"]
[BlackElo "2341"]
[Result "1-0"]
[Round "02"]
[TimeControl "180+2"]
[Date "2023.03.07"]
[WhiteClock "0:00:09"]
[BlackClock "0:00:28"]

1. e4 c6 2. d4 d5 3. e5 Bf5 4. Nf3 e6 5. Be2 Nd7 6. O-O h6 7. Nbd2 a6 8. a4 Qc7 9. Nb3 c5 10. c4 dxc4 11. Bxc4 cxd4 12. Qxd4 Ne7 13. Bf4 Nc6 14. Qe3 Qb6 15. Qe2 Bg4 16. Rad1 Be7 17. Rfe1 O-O-O 18. Rc1 Kb8 19. h3 Bh5 20. Qe4 Ka8 21. a5 Qb4 22. Bd2 Qa4 23. Ra1 Bxf3 24. gxf3 Qxa1 25. Rxa1 Ndxe5 26. Bf1 f5 27. Qe2 g5 28. Be3 Rd5 29. Rd1 Rhd8 30. Rxd5 Rxd5 31. f4 Ng6 32. fxg5 hxg5 33. Bg2 Rd6 34. Nd4 Nxd4 35. Bxd4 Nf4 36. Qc4 Nxg2 37. Kxg2 Rc6 38. Qb3 Kb8 39. Bc3 Kc7 40. Qa4 Bc5 41. Qa1 Kd7 42. Qd1+ Ke7 43. Qh5 g4 44. hxg4 fxg4 45. Be5 Rc8 46. Qh7+ Ke8 47. Qg8+ Kd7 48. Qf7+ Be7 49. Bf6 Re8 50. Bxe7 Rxe7 51. Qf4 Kc6 52. Qb4 Rd7 53. Qxg4 Rd6 54. Qb4 Kc7 55. f4 Kc6 56. Kg3 Kc7 57. Kg4 Kc6 58. Kg5 Kc7 59. Kf6 Kc6 60. Ke7 Rd5 61. Kxe6 Rb5 62. Qc4+ Rc5 63. Qxc5+ Kxc5 64. f5 b6 65. f6 bxa5 66. f7 Kb4 67. f8=Q+ Kb3 68. Qa3+ Kc4 69. Qxa5 1-0


[Site "https://www.chess.com"]

[Event "Titled Tuesday Blitz March 07 Early 2023"]
[White "Pein, Jonathan"]
[Black "Nazari, Arad"]
[WhiteFideId "417092"]
[BlackFideId "12577324"]
[WhiteElo "2151"]
[BlackElo "2313"]
[Result "0-1"]
[Round "02"]
[TimeControl "180+2"]
[Date "2023.03.07"]
[WhiteClock "0:00:04"]
[BlackClock "0:00:16"]

1. b3 c5 2. Bb2 Nc6 3. Nf3 d6 4. g3 e5 5. d3 g6 6. Bg2 Bg7 7. O-O Nge7 8. c4 O-O 9. Nc3 a6 10. Ne1 Rb8 11. Nc2 Be6 12. Ne3 Qd7 13. Ncd5 Bh3 14. a3 Bxg2 15. Kxg2 Nxd5 16. Nxd5 Ne7 17. Nxe7+ Qxe7 18. b4 b5 19. Bc3 Rfc8 20. Rc1 bxc4 21. dxc4 Qe6 22. Qd5 Qxd5+ 23. cxd5 Rb5 24. e4 f5 25. f3 Kf7 26. g4 Bh6 27. Rb1 cxb4 28. Bxb4 Rc2+ 29. Kh1 Ke7 30. a4 Rb6 31. Ba3 Rxb1 32. Rxb1 Rc3 33. Rb7+ Kd8 34. Bxd6 Rxf3 35. Rxh7 Be3 36. gxf5 gxf5 37. exf5 Rxf5 38. Be7+ Kc8 39. d6 Rf1+ 40. Kg2 Rd1 41. Kf3 Bf4 42. h4 Kd7 43. h5 Ke6 44. Rh8 Rh1 45. Ke4 Rh3 46. h6 Re3# 0-1


[Site "https://www.chess.com"]

[Event "Titled Tuesday Blitz March 07 Early 2023"]
[White "Klabis, Rokas"]
[Black "Hoffmann, Asa"]
[WhiteFideId "12805246"]
[BlackFideId "2001470"]
[WhiteElo "2288"]
[BlackElo "2117"]
[Result "1-0"]
[Round "02"]
[TimeControl "180+2"]
[Date "2023.03.07"]
[WhiteClock "0:00:56"]
[BlackClock "0:00:50"]

1. e4 d6 2. d4 Nf6 3. Nc3 c6 4. Be3 Ng4 5. Bg5 Qb6 6. Rb1 e5 7. Nf3 f6 8. Bh4 g5 9. Bg3 h5 10. h3 Nh6 11. Bc4 h4 12. Bh2 Nf7 13. Bxf7+ Kxf7 14. dxe5 dxe5 15. Bxe5 fxe5 16. Nxe5+ Kg7 17. O-O Be7 18. Kh1 Be6 19. f4 Bf6 20. Ng4 Bxg4 21. Qxg4 Qc5 22. e5 Be7 23. Ne4 Qxc2 24. f5 Bd8 25. f6+ Kf8 26. Nxg5 Qg6 27. Ne6+ Kf7 28. Nxd8+ Rxd8 29. e6+ 1-0


[Site "https://www.chess.com"]

[Event "Titled Tuesday Blitz March 07 Early 2023"]
[White "Kumaran, B"]
[Black "Jovic, Stanoje"]
[WhiteFideId "5038472"]
[BlackFideId "905020"]
[WhiteElo "2198"]
[BlackElo "2236"]
[Result "0-1"]
[Round "02"]
[TimeControl "180+2"]
[Date "2023.03.07"]
[WhiteClock "0:00:13"]
[BlackClock "0:00:11"]

1. Nf3 Nf6 2. c4 c5 3. Nc3 Nc6 4. g3 g6 5. Bg2 Bg7 6. O-O O-O 7. d3 d5 8. cxd5 Nxd5 9. Bd2 Nxc3 10. Bxc3 Nd4 11. Rc1 Bg4 12. Bxd4 cxd4 13. Qb3 b6 14. Rc2 e5 15. Rfc1 Be6 16. Qa3 Bh6 17. Nxe5 Bxc1 18. Bxa8 Qxa8 19. Rxc1 Qd5 20. Nf3 Bg4 21. Qb3 Bxf3 22. exf3 Qxf3 23. Re1 h5 24. Qd1 Qxd1 25. Rxd1 Rc8 26. Rd2 Kg7 27. Re2 Rc1+ 28. Kg2 Rd1 29. Re7 Rxd3 30. Rxa7 Rd2 31. b3 Kf6 32. Ra6 Ke5 33. Kf3 g5 34. h3 f5 35. Kg2 g4 36. hxg4 hxg4 37. a4 d3 38. Rxb6 Rb2 39. Rb8 Kd4 40. a5 Ra2 41. b4 Kc3 42. b5 Rxa5 43. b6 Rb5 44. b7 Kd2 45. f3 Rb1 46. Kf2 Rb2 47. f4 Rb6 48. Rf8 Rxb7 49. Rxf5 Rd7 50. Ra5 Kc1 51. Rc5+ Kd1 52. f5 d2 53. Ra5 Rd3 54. Ra1+ Kc2 55. f6 d1=Q 56. Rxd1 Kxd1 0-1


[Site "https://www.chess.com"]

[Event "Titled Tuesday Blitz March 07 Early 2023"]
[White "Pourramezanali, Amirreza"]
[Black "Sarkar, Justin"]
[WhiteFideId "12511412"]
[BlackFideId "2010011"]
[WhiteElo "2382"]
[BlackElo "2189"]
[Result "1-0"]
[Round "02"]
[TimeControl "180+2"]
[Date "2023.03.07"]
[WhiteClock "0:02:09"]
[BlackClock "0:00:04"]

1. e4 e5 2. Nf3 Nc6 3. Bc4 Nf6 4. d3 Be7 5. O-O O-O 6. a4 d5 7. exd5 Nxd5 8. a5 Bg4 9. h3 Bh5 10. c3 a6 11. Nbd2 Qd7 12. Ne4 Kh8 13. Re1 f6 14. Ng3 Bf7 15. d4 exd4 16. Nxd4 Ne5 17. Bf1 c5 18. Ndf5 Rad8 19. Nxe7 1-0


[Site "https://www.chess.com"]

[Event "Titled Tuesday Blitz March 07 Early 2023"]
[White "Mindlin, Alon"]
[Black "Jiganchine, Roman"]
[WhiteFideId "2800071"]
[BlackFideId "2603667"]
[WhiteElo "2430"]
[BlackElo "2306"]
[Result "1-0"]
[Round "02"]
[TimeControl "180+2"]
[Date "2023.03.07"]
[WhiteClock "0:01:58"]
[BlackClock "0:00:24"]

1. e4 c6 2. c4 d5 3. cxd5 cxd5 4. exd5 Nf6 5. Nc3 Nxd5 6. Nf3 Nc6 7. Bb5 e6 8. d4 Be7 9. O-O O-O 10. Re1 Bf6 11. Ne4 Bd7 12. Nc5 Rb8 13. Be3 a6 14. Bd3 Ndb4 15. Be4 Re8 16. a3 Nd5 17. Rc1 Re7 18. Bb1 Qb6 19. b4 Be8 20. Qd3 g6 21. h4 Rd8 22. Bg5 Kg7 23. Qd2 Nc7 24. Bxf6+ Kxf6 25. Qh6 Rd5 26. Ne4+ Kf5 27. Qg5# 1-0


[Site "https://www.chess.com"]

[Event "Titled Tuesday Blitz March 07 Early 2023"]
[White "Issani, Nameer"]
[Black "Valgmae, Toomas"]
[WhiteFideId "2619130"]
[BlackFideId "4502523"]
[WhiteElo "2607"]
[BlackElo "2170"]
[Result "0-1"]
[Round "02"]
[TimeControl "180+2"]
[Date "2023.03.07"]
[WhiteClock "0:00:04"]
[BlackClock "0:00:48"]

1. d4 d5 2. c4 c6 3. Nf3 Nf6 4. e3 Bg4 5. Be2 e6 6. Ne5 Bxe2 7. Qxe2 Nbd7 8. f4 Bd6 9. Nc3 O-O 10. O-O Rc8 11. b3 c5 12. cxd5 exd5 13. Bb2 cxd4 14. exd4 Re8 15. Qf3 Nb6 16. g4 Bb4 17. Rac1 Bxc3 18. Bxc3 Ne4 19. Bb4 f6 20. Nd3 Qd7 21. Nc5 Qb5 22. Nd3 Nd7 23. Rfe1 a5 24. Ba3 b6 25. Nf2 Rxc1 26. Bxc1 Qc6 27. Nxe4 dxe4 28. Qe3 Qd5 29. Bd2 Nb8 30. Rc1 Nc6 31. Bc3 h6 32. Kf2 g5 33. f5 Kg7 34. h3 Rd8 35. Qg3 Rd7 36. Rd1 b5 37. Ke3 b4 38. Bb2 Ne7 39. Rc1 Qb5 40. Kf2 Nd5 41. Rc8 e3+ 42. Ke1 Qd3 43. Bc1 Nf4 44. Bxe3 Qe2# 0-1


[Site "https://www.chess.com"]

[Event "Titled Tuesday Blitz March 07 Early 2023"]
[White "Malyi, Viacheslav"]
[Black "Grabinsky, Vladimir"]
[WhiteFideId "14123983"]
[BlackFideId "14107074"]
[WhiteElo "2291"]
[BlackElo "2027"]
[Result "1-0"]
[Round "02"]
[TimeControl "180+2"]
[Date "2023.03.07"]
[WhiteClock "0:01:20"]
[BlackClock "0:00:06"]

1. e4 c5 2. Nf3 Nc6 3. d4 cxd4 4. Nxd4 e5 5. Nb5 d6 6. a4 Be7 7. N1c3 a6 8. Na3 f5 9. Bc4 Nf6 10. exf5 Bxf5 11. O-O Nd4 12. Nd5 Rc8 13. c3 Rxc4 14. Nxc4 Nc2 15. Nxe7 Kxe7 16. Ne3 Nxa1 17. Nxf5+ Ke6 18. Nxg7+ Kf7 19. Nf5 d5 20. Bg5 Qd7 21. Ne3 d4 22. cxd4 exd4 23. Nc4 1-0


[Site "https://www.chess.com"]

[Event "Titled Tuesday Blitz March 07 Early 2023"]
[White "Garrido, Denis"]
[Black "Reprintsev, Alexander"]
[WhiteFideId "601217"]
[BlackFideId "14100541"]
[WhiteElo "2219"]
[BlackElo "2229"]
[Result "1-0"]
[Round "02"]
[TimeControl "180+2"]
[Date "2023.03.07"]
[WhiteClock "0:00:50"]
[BlackClock "0:00:16"]

1. e4 e5 2. Nf3 Nc6 3. Bb5 Bc5 4. c3 f5 5. d4 fxe4 6. Nxe5 Nxe5 7. Qh5+ Ng6 8. Qxc5 c6 9. Be2 d5 10. O-O Qe7 11. Qxe7+ N8xe7 12. f3 exf3 13. Bxf3 O-O 14. Bg5 Nf5 15. Nd2 h6 16. Bh5 Kh7 17. Bxg6+ Kxg6 18. Be7 Rf7 19. Bc5 b6 20. Ba3 Ne3 21. Rxf7 Kxf7 22. Re1 Nc2 23. Re7+ Kg6 24. Bd6 Bf5 25. Be5 Rg8 26. Rxa7 c5 27. Nf3 Be4 28. Rb7 Bxf3 29. gxf3 cxd4 30. cxd4 Ne3 31. Rxb6+ Kf5 32. Rb7 g5 33. Rf7+ Kg6 34. Rf6+ Kh5 35. Kf2 Nd1+ 36. Kg3 Nxb2 37. Rd6 Ra8 38. Bg7 g4 39. fxg4+ Kg5 40. h4# 1-0


[Site "https://www.chess.com"]

[Event "Titled Tuesday Blitz March 07 Early 2023"]
[White "Bochnicka, Vladimir"]
[Black "Dubov, Daniil"]
[WhiteFideId "14943450"]
[BlackFideId "24126055"]
[WhiteElo "2094"]
[BlackElo "2802"]
[Result "0-1"]
[Round "02"]
[TimeControl "180+2"]
[Date "2023.03.07"]
[WhiteClock "0:00:08"]
[BlackClock "0:01:56"]

1. e4 c5 2. Nf3 e6 3. g3 d5 4. exd5 exd5 5. d4 cxd4 6. Nxd4 Nc6 7. Bg2 Bc5 8. Be3 Nxd4 9. Bxd4 Qe7+ 10. Kf1 Nf6 11. Nc3 O-O 12. Qd3 Re8 13. f3 Bf5 14. Qxf5 Bxd4 15. Qd3 Bb6 16. Bh3 Qc5 17. Qd2 d4 18. Ne2 d3 19. Nf4 dxc2 20. Kg2 Rad8 0-1


[Site "https://www.chess.com"]

[Event "Titled Tuesday Blitz March 07 Early 2023"]
[White "Galchenko, Matvey"]
[Black "Osinovsky, Stepan"]
[WhiteFideId "24175480"]
[BlackFideId "4157354"]
[WhiteElo "2404"]
[BlackElo "2222"]
[Result "1-0"]
[Round "02"]
[TimeControl "180+2"]
[Date "2023.03.07"]
[WhiteClock "0:00:55"]
[BlackClock "0:00:04"]

1. f4 e5 2. fxe5 d6 3. Nf3 dxe5 4. e4 Nc6 5. Bc4 Qe7 6. Qe2 Be6 7. Bxe6 Qxe6 8. c3 O-O-O 9. O-O Bc5+ 10. Kh1 f6 11. b4 Bb6 12. a4 a5 13. b5 Nb8 14. Na3 Nd7 15. Nc4 Nc5 16. Ba3 Nd3 17. Nxb6+ cxb6 18. Nd4 exd4 19. Qxd3 dxc3 20. Qxc3+ Kb8 21. Rac1 Ka7 22. Qc7 Nh6 23. Rc6 Qxe4 24. Qxb6+ Kb8 25. Qc7+ Ka8 26. Qxa5+ Kb8 27. Bd6+ Rxd6 28. Qc7+ Ka8 29. Rxd6 Ng4 30. b6 1-0


[Site "https://www.chess.com"]

[Event "Titled Tuesday Blitz March 07 Early 2023"]
[White "Molina, Roberto Junio Brito"]
[Black "Bouchet, Sebastien"]
[WhiteFideId "2109450"]
[BlackFideId "623571"]
[WhiteElo "2376"]
[BlackElo "2388"]
[Result "0-1"]
[Round "02"]
[TimeControl "180+2"]
[Date "2023.03.07"]
[WhiteClock "0:00:51"]
[BlackClock "0:01:05"]

1. e4 c5 2. Nf3 g6 3. d4 cxd4 4. Nxd4 Nf6 5. Nc3 Nc6 6. Nxc6 bxc6 7. e5 Ng8 8. Bc4 Bg7 9. f4 Nh6 10. O-O O-O 11. Kh1 d5 12. exd6 exd6 13. Be3 d5 14. Bc5 dxc4 15. Bxf8 Qxf8 16. Qf3 Qc5 17. Ne4 Qb6 18. Nd6 Be6 19. Rab1 Nf5 20. Nxf5 Bxf5 21. Rf2 Rd8 22. h3 Qd4 23. Re2 h5 24. b3 c3 25. Rbe1 Qd5 26. Re8+ Rxe8 27. Rxe8+ Kh7 28. Qxd5 cxd5 29. Re2 d4 30. b4 d3 31. cxd3 Bxd3 32. Re7 c2 33. Rc7 Bb2 0-1


[Site "https://www.chess.com"]

[Event "Titled Tuesday Blitz March 07 Early 2023"]
[White "Zhukova, Natalia"]
[Black "Orozbaev, Eldiar"]
[WhiteFideId "14101513"]
[BlackFideId "13802240"]
[WhiteElo "2297"]
[BlackElo "2201"]
[Result "1-0"]
[Round "02"]
[TimeControl "180+2"]
[Date "2023.03.07"]
[WhiteClock "0:00:04"]
[BlackClock "0:00:06"]

1. c4 b6 2. e4 Bb7 3. Nc3 e5 4. Nf3 Nc6 5. Be2 Bc5 6. Nxe5 Nxe5 7. d4 Bd6 8. dxe5 Bxe5 9. O-O Nf6 10. Nd5 Nxd5 11. cxd5 O-O 12. f4 Bd6 13. e5 Bc5+ 14. Kh1 d6 15. Bf3 Re8 16. e6 fxe6 17. dxe6 Bxf3 18. Qxf3 Qf6 19. f5 Rad8 20. Rb1 d5 21. b4 Bd4 22. b5 Be5 23. Qg4 h6 24. Bf4 Bxf4 25. Qxf4 d4 26. Qxc7 d3 27. Rbd1 d2 28. h3 Rd5 29. Qxa7 Rxf5 30. Qf7+ Qxf7 31. exf7+ Rxf7 32. Rxf7 Kxf7 33. Rxd2 Re5 34. a4 Ke6 35. Rc2 Kd5 36. Rc6 Re6 37. Rc7 g5 38. Kh2 h5 39. Kg3 Re3+ 40. Kf2 Ra3 41. Rg7 Ra2+ 42. Kf3 Ra3+ 43. Kf2 Ra2+ 44. Kg3 h4+ 45. Kh2 Rxa4 46. Rxg5+ Kc4 47. Rh5 Kb3 48. Rh6 Rb4 49. Rxb6 Kc3 50. Rb8 Kd4 51. Kg1 Ke5 52. Kf2 Rb3 53. Ke2 Kd6 54. b6 Rb2+ 55. Kf3 Rb4 56. Rh8 Ke5 57. Rh6 Kf5 58. Rc6 Rb3+ 59. Ke2 Kf4 60. Kd2 Kg3 61. Rc3+ Rxc3 62. Kxc3 Kxg2 63. b7 Kxh3 64. b8=Q Kg2 65. Qg8+ Kh2 66. Qb8+ Kg2 67. Qg8+ Kh2 68. Qg4 h3 69. Qe2+ Kg1 70. Qe3+ Kg2 71. Qg5+ Kf2 72. Qf4+ Kg2 73. Qg4+ Kh2 74. Kd3 1-0


[Site "https://www.chess.com"]

[Event "Titled Tuesday Blitz March 07 Early 2023"]
[White "Shubenkova, Veronika"]
[Black "EREBUNI91"]
[WhiteFideId "44124040"]
[WhiteElo "2027"]
[BlackElo "2729"]
[Result "1/2-1/2"]
[Round "02"]
[TimeControl "180+2"]
[Date "2023.03.07"]
[WhiteClock "0:01:58"]
[BlackClock "0:01:12"]

1. e4 c5 2. Nc3 d6 3. g3 g6 4. Bg2 Bg7 5. d3 Nc6 6. f4 e6 7. h3 Nge7 8. Nf3 O-O 9. Be3 Nd4 10. Bf2 Nec6 11. O-O Nxf3+ 12. Bxf3 Nd4 13. Bg2 Bd7 14. Rb1 b5 15. Ne2 Nxe2+ 16. Qxe2 Bc6 17. g4 f5 18. gxf5 exf5 19. e5 Bxg2 20. Kxg2 dxe5 21. fxe5 Qd5+ 22. Qf3 Qxf3+ 23. Kxf3 Bxe5 24. Bxc5 Rfc8 25. d4 Bf6 26. c3 Kf7 27. Rfe1 Re8 28. b3 a6 29. a4 Be7 30. Bxe7 Rxe7 31. Rxe7+ Kxe7 32. Re1+ Kd6 33. axb5 axb5 34. Re5 b4 35. c4 Ra3 36. Re3 g5 37. Rd3 h5 38. Kg3 Ra1 39. Kf3 Rh1 40. Kg2 Rc1 41. Rf3 f4 42. h4 Rc2+ 43. Kh1 Rc3 44. Kg2 Rc2+ 45. Kh1 Ke6 46. hxg5 Kf5 47. g6 Kxg6 48. Rxf4 Rc3 49. d5 Rxb3 50. c5 Rd3 51. Rxb4 Rxd5 52. Rc4 Rd8 53. Kh2 Rc8 54. c6 Kf5 55. Rc5+ Ke6 1/2-1/2


[Site "https://www.chess.com"]

[Event "Titled Tuesday Blitz March 07 Early 2023"]
[White "Valle Maytin, Luis Enrique"]
[Black "Mirzoev, Azer"]
[WhiteFideId "3503666"]
[BlackFideId "13400304"]
[WhiteElo "2225"]
[BlackElo "2525"]
[Result "0-1"]
[Round "02"]
[TimeControl "180+2"]
[Date "2023.03.07"]
[WhiteClock "0:00:05"]
[BlackClock "0:00:49"]

1. e4 c5 2. Nf3 e6 3. d4 cxd4 4. Nxd4 a6 5. a3 Nc6 6. Nc3 Qc7 7. Be3 b5 8. Be2 Bb7 9. f4 Nf6 10. Bf3 Nxd4 11. Qxd4 d6 12. O-O Be7 13. Rad1 O-O 14. Qb6 Qxb6 15. Bxb6 Nd7 16. Be3 Rfc8 17. Kf2 Rab8 18. Rd2 Bc6 19. Rfd1 Nb6 20. Bxb6 Rxb6 21. e5 Bxf3 22. Kxf3 d5 23. Ne2 Bc5 24. c3 g6 25. Nd4 a5 26. Nb3 Ra6 27. Nxc5 Rxc5 28. Rd4 Rb6 29. R1d2 b4 30. axb4 axb4 31. Rxb4 Rxb4 32. cxb4 Rc4 33. g3 Rxb4 34. Ke3 h6 35. Kd3 g5 36. Rf2 Kg7 37. Kc3 Rc4+ 38. Kd3 Kg6 39. b3 Rb4 40. Kc3 Re4 41. fxg5 hxg5 42. Rf6+ Kg7 43. Rf2 Re3+ 44. Kb4 Rxe5 45. Kc5 Re1 46. Rb2 Rc1+ 47. Kd6 d4 48. b4 d3 49. Rd2 Rc3 50. b5 Rb3 51. Kc5 Rb1 52. Rxd3 e5 53. Re3 Kf6 54. Kc6 Kf5 55. Rf3+ Ke6 56. Re3 f5 57. h4 gxh4 58. gxh4 f4 59. Rh3 e4 60. h5 e3 61. Rh2 f3 62. h6 f2 63. h7 f1=Q 64. h8=Q Qxb5+ 65. Kc7 Qb7+ 66. Kd8 Qd7# 0-1


[Site "https://www.chess.com"]

[Event "Titled Tuesday Blitz March 07 Early 2023"]
[White "Mayaud, Raphael"]
[Black "Karthik Rajaa"]
[WhiteFideId "627151"]
[BlackFideId "25035215"]
[WhiteElo "2191"]
[BlackElo "2215"]
[Result "1/2-1/2"]
[Round "02"]
[TimeControl "180+2"]
[Date "2023.03.07"]
[WhiteClock "0:00:04"]
[BlackClock "0:00:12"]

1. d4 Nf6 2. Nf3 g6 3. e3 Bg7 4. Be2 O-O 5. O-O d6 6. b3 Nbd7 7. Bb2 e5 8. dxe5 Ng4 9. c4 Ngxe5 10. Nxe5 dxe5 11. Qc2 Nc5 12. Rd1 Qe7 13. Nc3 c6 14. b4 Ne6 15. Qb3 f5 16. Bf1 Nc7 17. c5+ Be6 18. Bc4 Rfd8 19. h3 Bxc4 20. Qxc4+ Qe6 21. Qxe6+ Nxe6 22. Ne2 Kf7 23. Kf1 Ke7 24. Ke1 Rxd1+ 25. Rxd1 a5 26. a3 axb4 27. axb4 Nc7 28. Ra1 Rxa1+ 29. Bxa1 Nd5 30. Bc3 Nxc3 31. Nxc3 e4 32. Kd2 Ke6 33. Kc2 g5 34. Kb3 h5 35. Kc4 Bxc3 36. Kxc3 Kd5 37. g3 h4 38. gxh4 gxh4 39. Kb3 Ke5 40. Kc3 Kd5 41. Kb3 Ke5 42. Kc4 f4 43. Kb3 fxe3 44. fxe3 Ke6 45. Kc3 Kf6 46. Kc4 Ke5 47. Kc3 Kd5 48. Kb3 Ke6 49. Kc3 Kd5 50. Kb3 Ke6 1/2-1/2


[Site "https://www.chess.com"]

[Event "Titled Tuesday Blitz March 07 Early 2023"]
[White "Bas Mas, Jose Joaquin"]
[Black "Levitskiy, Andrey"]
[WhiteFideId "22219064"]
[BlackFideId "14132885"]
[WhiteElo "2233"]
[BlackElo "2335"]
[Result "1-0"]
[Round "02"]
[TimeControl "180+2"]
[Date "2023.03.07"]
[WhiteClock "0:00:17"]
[BlackClock "0:00:09"]

1. e4 g6 2. d4 Bg7 3. Nc3 c5 4. dxc5 Bxc3+ 5. bxc3 Qa5 6. Qd3 Nc6 7. f4 Nf6 8. Nf3 Nxe4 9. Qxe4 Qxc3+ 10. Bd2 Qxa1+ 11. Kf2 O-O 12. h4 d5 13. cxd6 Bf5 14. Qc4 exd6 15. h5 d5 16. Qc5 Qb2 17. hxg6 hxg6 18. Bc3 Qxc2+ 19. Kg3 f6 20. Qxd5+ Kg7 21. Qc5 Rh8 22. Nd4 Nxd4 23. Qe7+ Kg8 24. Bc4+ Ne6 25. Bxe6+ Bxe6 26. Qxe6+ Kg7 27. Qxf6+ Kg8 28. Rxh8# 1-0


[Site "https://www.chess.com"]

[Event "Titled Tuesday Blitz March 07 Early 2023"]
[White "Preotu, Razvan"]
[Black "Hindermann, Felix"]
[WhiteFideId "2613280"]
[BlackFideId "1305212"]
[WhiteElo "2407"]
[BlackElo "2206"]
[Result "1-0"]
[Round "02"]
[TimeControl "180+2"]
[Date "2023.03.07"]
[WhiteClock "0:00:13"]
[BlackClock "0:00:11"]

1. e4 e6 2. d4 d5 3. Nc3 Bb4 4. e5 c5 5. a3 Ba5 6. b4 cxd4 7. Qg4 Ne7 8. Qxg7 Rg8 9. Qxh7 Bc7 10. Nb5 a6 11. Nxd4 Bxe5 12. Ngf3 Bf6 13. Bf4 Nbc6 14. Nxc6 bxc6 15. Be5 Rh8 16. Qd3 Nf5 17. Qc3 Bxe5 18. Nxe5 Qf6 19. Qxc6+ Kf8 20. f4 Qh4+ 21. g3 Nxg3 22. O-O-O Qxf4+ 23. Kb1 Nxh1 24. Qxa8 Qxe5 25. Qxc8+ Kg7 26. Qxa6 Rxh2 27. Bd3 Nf2 28. Rg1+ Kf6 29. Rf1 Kg7 30. Qa7 d4 31. Qe7 Rh1 32. Rxh1 Nxh1 33. Qh4 Ng3 34. b5 f5 35. b6 Ne4 36. b7 Nc3+ 37. Kb2 Qc7 38. Qxd4+ e5 39. Qxc3 Qxb7+ 40. Qb3 Qc7 41. Bxf5 Kf6 42. Be4 Qc5 43. Qd5 Qe3 44. a4 Kg5 45. a5 Kf4 46. Bd3 e4 47. Qxe4+ Qxe4 48. Bxe4 Kxe4 49. a6 Kd5 50. a7 Kc6 51. a8=Q+ Kb6 52. Qc8 Kb5 53. c4+ Kb4 54. c5 Ka5 55. c6 Kb6 56. Qb7+ Ka5 57. c7 Ka4 58. c8=Q Ka5 59. Qca8# 1-0


[Site "https://www.chess.com"]